 Dungeon Crawl Stone Soup version 0.27-a0-860-gaf99fae3ca (webtiles) character file.

Game seed: 15771627721182532825

25 rocky1 the Covered (level 2, 27/27 HPs)
             Began as a Minotaur Fighter on Apr 2, 2021.
             Was a Believer of Lugonu.
             Quit the game on level 1 of the Dungeon.
             The game lasted 00:01:20 (674 turns).

rocky1 the Covered (Minotaur Fighter)                Turns: 674, Time: 00:01:20

Health: 27/27      AC:  7    Str: 20    XL:     2   Next: 86%
Magic:  1/1        EV:  7    Int:  5    God:    Lugonu [**....]
Gold:   14         SH:  9    Dex:  9    Spells: 1/1 levels left

rFire    . . .     SeeInvis .   a - +0 long sword
rCold    . . .     Faith    .   c - +0 kite shield
rNeg     . . .     Spirit   .   b - +0 scale mail
rPois    .         Reflect  .   (helmet restricted)
rElec    .         Harm     .   (no cloak)
rCorr    .         Rampage  .   (no gloves)
Will     .....                  (no boots)
Stlth    ..........             (no amulet)
HPRegen  0.09/turn              (no ring)
MPRegen  0.07/turn              (no ring)

@: no status effects
A: horns 2, retaliatory headbutt
a: Renounce Religion, Depart the Abyss, Bend Space


You were on level 1 of the Dungeon.
You worshipped Lugonu.
Lugonu was pleased with you.
You visited 1 branch of the dungeon, and saw 1 of its levels.

You collected 14 gold pieces.

Inventory:

Hand Weapons
 a - a +0 long sword (weapon)
Armour
 b - a +0 scale mail (worn)
 c - a +0 kite shield (worn)
Scrolls
 e - a scroll of noise {unknown}
Potions
 d - a potion of might
 f - a potion of invisibility {unknown}


   Skills:
 + Level 3.9 Fighting
 + Level 2.8 Long Blades
 + Level 3.9 Armour
 + Level 1.0 Dodging
 + Level 3.9 Shields


You had one spell level left.
You didn't know any spells.
Your spell library was empty.

Dungeon Overview and Level Annotations

Branches:
Dungeon (1/15)

Altars:
Lugonu


Innate Abilities, Weirdness & Mutations

You have a pair of horns on your head.
You reflexively headbutt those who attack you in melee.


Message History

You kill the endoplasm!
The kobold throws a stone.
You block the stone.
The kobold throws a stone.
You block the stone. You block the kobold's attack.
You closely miss the kobold. You block the kobold's attack.
You closely miss the kobold.
You headbutt the kobold, but do no damage.
The kobold barely misses you. You block the kobold's attack.
You barely miss the kobold. You block the kobold's attack.
Your shield prevents you from hitting the kobold.
You headbutt the kobold.
You kill the kobold!
No target in view!
Things that are here:
a +0 club; 5 stones; a kobold corpse A rat comes into view.
You slash the rat!
You kill the rat!
No target in view!
No target in view!
A goblin comes into view. It is wielding a +0 dagger.
You hit the goblin.
You kill the goblin!
No target in view!
No target in view!
No target in view!
No target in view!
Things that are here:
a +0 dagger; a goblin corpse
There is a faded altar of an unknown god here.
You cannot tell which god this altar belongs to.
Convert to them anyway?
Okay, then.
You cannot tell which god this altar belongs to.
Convert to them anyway?
Okay, then.
You cannot tell which god this altar belongs to.
Convert to them anyway?
Lugonu accepts your prayer! Lugonu welcomes you!
You can now depart the Abyss.
You can now bend space around yourself.
Okay, then.
Are you sure you want to abandon this character and quit the game? (Confirm with "yes".)

#############
#...........#
#.#########.##############
#.# #.##...).......# # #.#
#.##.#########.# # #.# #.#
#.# ###.###### #†##### #.#
...###P⌠P######P⌠.## #.#
.###♣....8.##..P@..♣# #.#
..##..P....##.8.....# #.#
.###....P..##.......#
#.####
.######'########.#####
#....#
.##..P...........P...#
####.#
.####.....P..PP....### #.#
.# #####....8.##### #.# †#
###..###.# #.#
>##########..###.# #.#


There were no monsters in sight!

Vanquished Creatures
  A dart slug (D:1)
  4 endoplasms (D:1)
  3 hobgoblins (D:1)
  2 jackals (D:1)
  2 quokkas (D:1)
  3 bats (D:1)
  2 goblins (D:1)
  3 kobolds (D:1)
  2 rats (D:1)
22 creatures vanquished.

Notes
Turn   | Place    | Note
-------+----------+-------------------------------------------
     0 | D:1      | rocky1 the Minotaur Fighter began the quest for the Orb.
     0 | D:1      | Reached XP level 1. HP: 19/19 MP: 0/0
   147 | D:1      | Reached XP level 2. HP: 23/27 MP: 1/1
   430 | D:1      | Found a faded altar of an unknown god.
   492 | D:1      | Reached skill level 1 in Dodging
   673 | D:1      | Became a worshipper of Lugonu the Unformed
   673 | D:1      | Reached * piety under Lugonu
   673 | D:1      | Reached ** piety under Lugonu
   674 | D:1      | Quit the game

Illustrated notes

Levels and vault maps discovered:
D:1:      lemuel_arrival_room, layout_loops_ring,
          chequers_ecumenical_altar_lobes

Skill      XL: |  1  2 |
---------------+-------+-----
Dodging        | 1 |  1.0
Fighting       | |  3.9
Long Blades    | |  2.8
Armour         | |  3.9
Shields        | |  3.9

Action                   || total
-------------------------++-------
Melee: Long sword        ||    50
       Headbutt          ||     6
Armor: Scale mail        ||    31
Dodge: Dodged            ||    13
Block: Kite shield       ||    31
       Rpst.: Long sword ||     5

Table legend: (Time is in decaauts)
 A = Elapsed time spent in this place.
 B = Non-inter-level travel time spent in this place.
 C = Inter-level travel time spent in this place.
 D = Time resting spent in this place.
 E = Time spent auto-exploring this place.
 F = Levels seen in this place.
 G = Mean time per level.
                   A        B        C        D        E       F      G
               +--------+--------+--------+--------+--------+-----+--------+
         Total |    698 |    605 |     93 |     39 |    423 |   1 |  698.0 |
       Dungeon |    698 |    605 |     93 |     39 |    423 |   1 |  698.0 |
               +--------+--------+--------+--------+--------+-----+--------+

Top non-repeatable levels by time:
     D:1: 698 daAuts
